 Dungeon Crawl Stone Soup version 0.21.1-1-g345015f (webtiles) character file.

3486 Verr the Cleaver (level 10, -2/93 HPs)
             Began as a Hill Orc Fighter on Mar 3, 2018.
             Was a Believer of Beogh.
             Slain by a queen bee (9 damage)
             ... on level 7 of the Dungeon.
             The game lasted 00:38:03 (8438 turns).

Verr the Cleaver (Hill Orc Fighter)                 Turns: 8438, Time: 00:38:04

Health: -2/93      AC: 18    Str: 21    XL:     10   Next: 7%
Magic:  13/13      EV: 11    Int:  8    God:    Beogh [**....]
Gold:   167        SH: 11    Dex: 17    Spells: 9/9 levels left

rFire    + . .     SeeInvis .   a - +1 war axe
rCold    . . .     Gourm    .   c - +0 shield
rNeg     . . .     Faith    .   q - +2 chain mail {rPois}
rPois    +         Spirit   .   r - +0 helmet
rElec    .         Reflect  .   g - +0 cloak
rCorr    .         Harm     .   F - +2 pair of gloves
MR       .....                  (no boots)
Stlth    ..........             (no amulet)
HPRegen  0.25/turn              C - ring of protection from fire
MPRegen  0.13/turn              (no ring)

@: agile, about to teleport, hasted, very quick
A: no striking features
a: Smiting, Renounce Religion


You were on level 7 of the Dungeon.
You worshipped Beogh.
Beogh was pleased with you.
You were not hungry.

You visited 1 branch of the dungeon, and saw 8 of its levels.

You collected 390 gold pieces.
You spent 223 gold pieces at shops.

Inventory:

Hand Weapons
 a - a +1 war axe (weapon)
 I - a +0 dagger of freezing
 L - a +1 flail of draining
Missiles
 j - 89 stones (quivered)
Armour
 c - a +0 shield (worn)
 g - a +0 cloak (worn)
 q - a +2 chain mail of poison resistance (worn)
 r - a +0 helmet (worn)
 F - a +2 pair of gloves (worn)
Jewellery
 s - an uncursed ring of ice
 C - a ring of protection from fire (left hand)
Wands
 y - a wand of flame (35)
 B - a wand of random effects (23)
 E - a wand of digging (9)
 J - a wand of enslavement (16)
 K - a wand of acid (9)
Scrolls
 b - 3 scrolls of magic mapping
 d - a scroll of amnesia
 e - 3 scrolls of fear
 l - 2 scrolls of immolation
 m - 4 scrolls of identify
 o - 2 scrolls of remove curse
 t - a scroll of teleportation
 w - a scroll of blinking {unknown}
 D - a scroll of enchant weapon
Potions
 h - 2 potions of curing
 i - 4 potions of lignification {unknown}
 k - a potion of flight {unknown}
 n - a potion of agility
 u - a potion of heal wounds {unknown}
 v - a potion of cancellation {unknown}
 x - a potion of mutation {unknown}
 z - a potion of berserk rage {unknown}
 H - a potion of invisibility
Comestibles
 f - 7 rations


   Skills:
 * Level 10.1 Fighting
 * Level 10.5 Axes
 + Level 7.0 Armour
 + Level 6.9 Shields
 - Level 4.0 Invocations


You had 9 spell levels left.
You didn't know any spells.

Dungeon Overview and Level Annotations

Branches:
Dungeon (8/15)             Temple (0/1) D:6
   Lair: D:8-11

Altars:
Ashenzari
Cheibriados
Dithmenos
Elyvilon
Fedhas
Uskayaw
Wu Jian
Zin

Shops:
D:4 [   D:6 *   D:7 %


Message History

The killer bee closely misses you. You block the queen bee's attack.
You slash the queen bee!
The queen bee is heavily wounded.
You hit the killer bee. The killer bee completely misses you.
You block the killer bee's attack. The queen bee closely misses you.
You completely miss the queen bee.
The queen bee is heavily wounded.
You closely miss the killer bee. The killer bee stings you!
* * * LOW HITPOINT WARNING * * *
The killer bee stings you!
* * * LOW HITPOINT WARNING * * *
You hit the queen bee but do no damage.
The queen bee is heavily wounded.
You hit the killer bee but do no damage.
The killer bee stings you.
* * * LOW HITPOINT WARNING * * *
The killer bee stings you.
* * * LOW HITPOINT WARNING * * *
The queen bee stings you!
You die...

..........##.^...#####
.....(....#..........#
..........#(.....###.#
..........#......# #.#
.[[.......#......# #.#
((<.......#......# #.#
.[.)......#......# #.#
>..............†y# #.#
.(.............y@# #.#
.............##### #.#
..........##########.#
.....................#
...........###########
...........#
...........#
...........#
...........#


You could see a queen bee and a killer bee (berserk).

Vanquished Creatures
  A death yak (D:7)
  Prince Ribbit (D:7)
  A hippogriff (D:7)
  2 porcupines (D:8)
  2 orc warriors
  A black bear (D:6)
  2 ogres
  A phantom (D:6)
  2 centaurs (D:7)
  2 bullfrogs
  A wyvern skeleton (D:6)
  3 scorpions
  8 killer bees
  A crimson imp (D:6)
  A bullfrog skeleton (D:6)
  5 orc priests
  A hound (D:4)
  5 orc wizards
  Jessica (D:2)
  Natasha (D:4)
  2 hell rats (D:8)
  5 worker ants
  2 hound skeletons
  2 hound zombies
  A mummy (D:4)
  3 worker ant zombies
  7 adders
  A shadow imp (D:6)
  An ooze (D:6)
  An adder zombie (D:5)
  An adder skeleton (D:6)
  2 worms
  A dart slug (D:2)
  3 leopard geckos
  28 orcs
  4 bats
  8 giant cockroaches
  10 hobgoblins
  6 jackals
  5 quokkas
  A ball python (D:7)
  2 frilled lizards
  6 goblins
  3 hobgoblin zombies (D:4)
  2 kobolds
  An orc zombie (D:4)
  4 rats
154 creatures vanquished.

Vanquished Creatures (others)
  An orc priest (D:3)
  An orc wizard (D:3)
  A worm (D:3)
  A leopard gecko (D:3)
  An orc (D:3)
5 creatures vanquished.

Grand Total: 159 creatures vanquished

Notes
Turn   | Place    | Note
-------+----------+-------------------------------------------
     0 | D:1      | Verr the Hill Orc Fighter began the quest for the Orb.
     0 | D:1      | Reached XP level 1. HP: 19/19 MP: 1/1
   195 | D:1      | Reached XP level 2. HP: 26/27 MP: 2/2
   704 | D:2      | Reached XP level 3. HP: 22/34 MP: 3/3
   714 | D:2      | Reached XP level 4. HP: 25/41 MP: 4/4
   817 | D:2      | Found a blossoming altar of Fedhas.
  1087 | D:2      | Noticed Jessica
  1094 | D:2      | Killed Jessica
  1207 | D:3      | Reached XP level 5. HP: 47/47 MP: 5/5
  1210 | D:3      | Became a worshipper of Beogh the Brigand
  1311 | D:3      | Reached skill level 5 in Fighting
  1557 | D:3      | Found a hide-covered altar of Uskayaw.
  1630 | D:3      | Reached skill level 5 in Axes
  1630 | D:3      | Reached XP level 6. HP: 38/56 MP: 6/6
  1634 | D:3      | Reached skill level 1 in Invocations
  1692 | D:3      | Reached * piety under Beogh
  2083 | D:4      | Found an ornate altar of the Wu Jian Council.
  2247 | D:4      | Noticed Natasha
  2275 | D:4      | Killed Natasha
  2374 | D:4      | Found a glowing silver altar of Zin.
  2548 | D:4      | Found Jifo's Armour Shoppe.
  2566 | D:5      | Entered Level 5 of the Dungeon
  2837 | D:5      | Reached XP level 7. HP: 42/63 MP: 8/8
  3601 | D:6      | Found a white marble altar of Elyvilon.
  3627 | D:6      | Found Fudyaki's Assorted Antiques.
  3627 | D:6      | Found a shadowy altar of Dithmenos.
  3644 | D:6      | Bought a potion of curing for 93 gold pieces
  3857 | D:6      | Reached skill level 5 in Armour
  3946 | D:6      | Reached ** piety under Beogh
  4275 | D:6      | Found a staircase to the Ecumenical Temple.
  4422 | D:6      | Reached XP level 8. HP: 70/71 MP: 10/10
  4499 | D:6      | Reached skill level 5 in Shields
  5532 | D:7      | Noticed Prince Ribbit
  5561 | D:7      | Killed Prince Ribbit
  5561 | D:7      | Reached XP level 9. HP: 53/81 MP: 12/12
  5738 | D:7      | Found a shattered altar of Ashenzari.
  5818 | D:7      | Found a snail-covered altar of Cheibriados.
  5849 | D:7      | Found Uprur's Food Shoppe.
  6329 | D:8      | Noticed a death yak
  7971 | D:8      | Noticed a death yak
  7972 | D:8      | Noticed a death yak
  8237 | D:7      | Killed a death yak
  8237 | D:7      | Reached skill level 10 in Fighting
  8237 | D:7      | Reached skill level 10 in Axes
  8237 | D:7      | Reached XP level 10. HP: 48/93 MP: 13/13
  8384 | D:7      | Bought a ration for 65 gold pieces
  8384 | D:7      | Bought a ration for 65 gold pieces
  8438 | D:7      | Slain by a queen bee

Skill      XL: |  1  2  3  4  5  6  7  8  9 10 |
---------------+-------------------------------+-----
Axes           | 3 4 5 6 8 10 | 10.5
Fighting       | 4 5 6 8 10 | 10.1
Armour         | 4 5 6 7 |  7.0
Shields        | 4 5 6 |  6.9
Invocations    | 2 3 4 |  4.0

Action                   |  1- 3 |  4- 6 |  7- 9 | 10-12 || total
-------------------------+-------+-------+-------+-------++-------
Melee: War axe           |    74 |   203 |   373 |    16 ||   666
Invok: Convert to Beogh  |       |     1 |       |       ||     1
       Smiting           |       |       |     1 |       ||     1
  Use: Scroll            |       |     8 |     5 |     1 ||    14
       Potion            |       |     1 |     3 |     3 ||     7
  Eat: Chunk             |       |     7 |     3 |       ||    10
       Ration            |       |       |     4 |     1 ||     5
Armor: Scale mail        |    34 |       |       |       ||    34
       Chain mail        |    31 |   115 |   247 |    17 ||   410
Dodge: Dodged            |    25 |    33 |    71 |    18 ||   147
Block: Shield            |    51 |    93 |   203 |    28 ||   375
